 Dungeon Crawl Stone Soup version 0.30-a0-799-g109b55a442 (webtiles) character file.

Game seed: 3357790195162799754

18 Pimp the Stinger (level 2, 0/17 HPs)
             Began as an Octopode Venom Mage on Feb 21, 2023.
             Slain by a quokka (5 damage)
             ... on level 2 of the Dungeon.
             The game lasted 00:01:44 (581 turns).

Pimp the Stinger (Octopode Venom Mage)               Turns: 581, Time: 00:01:45

Health: 0/17       AC:  1    Str:  7    XL:     2   Next: 70%
Magic:  4/5        EV: 13    Int: 17    God:
Gold:   56         SH:  0    Dex: 12    Spells: 4/5 levels left

rFire   . . .      SeeInvis .    d - +0 dagger
rCold   . . .      Faith    .    (no shield)
rNeg    . . .      Spirit   .    (helmet restricted)
rPois   .          Reflect  .    (no amulet)
rElec   .          Harm     .    (no ring)
rCorr   .          Rampage  .    (no ring)
Will    .....                    (no ring)
Stlth   +++                      (no ring)
HPRegen 0.22/turn                (no ring)
MPRegen 0.09/turn                (no ring)
                                 (no ring)
                                 (no ring)

@: no status effects
A: almost no armour, amphibious, 8 rings, camouflage 1, gelatinous body 1,
(nimble swimmer 1), tentacles
a: no special abilities


You were on level 2 of the Dungeon.
You visited 1 branch of the dungeon, and saw 2 of its levels.

You collected 56 gold pieces.

Inventory:

Hand Weapons
 d - a +0 dagger (weapon)
Scrolls
 e - a scroll of identify {unknown}
 f - a scroll of teleportation {unknown}
Potions
 a - a potion of magic
 b - 2 potions of degeneration {unknown}
 c - 2 potions of berserk rage {unknown}


   Skills:
 + Level 2.2 Dodging
 + Level 3.1 Stealth
 + Level 2.2 Spellcasting
 + Level 1.3 Transmutations
 + Level 3.9 Poison Magic


You had 4 spell levels left.
You knew the following spells:

 Your Spells              Type           Power      Damage    Failure   Level
a - Sting                 Tmut/Pois      40%        1d5       6%          1

Your spell library contained the following spells:

 Spells                   Type           Power      Damage    Failure   Level
 Poisonous Vapours        Pois/Air       16%        N/A       13%         2
 Slow                     Hex            4%         N/A       19%         1
 Mephitic Cloud           Conj/Pois/Air  6%         N/A       32%         3
 Olgreb's Toxic Radiance  Pois           15%        N/A       36%         4
 Confusing Touch          Hex            1%         N/A       50%         3
 Vampiric Draining        Necr           1%         2d6       50%         3


Dungeon Overview and Level Annotations

Branches:
Dungeon (2/15)

Altars:


Innate Abilities, Weirdness & Mutations

You cannot wear most types of armour.
You are amphibious.
You can wear up to eight rings at the same time.
Your skin changes colour to match your surroundings (Stealth+).
Your rubbery body absorbs attacks. (AC +1, EV +1)
((You are camouflaged when in or above water. (Stealth+)))
You have tentacles for arms and can constrict up to eight enemies at once.


Message History

There is an open door here.
There is an open door here.
There is a stone staircase leading down here.
You climb downwards.
There is a stone staircase leading up here.
A kobold comes into view. It is wielding a +0 short sword.
Found a stone staircase leading down.
The kobold shouts!
A quokka comes into view.
The kobold barely misses you.
You barely miss the kobold. You grab the kobold.
You constrict the kobold, but do no damage.
The kobold hits you with a +0 short sword.
You release your grip on the kobold.
The kobold attacks as you move away!
The kobold hits you with a +0 short sword.
The quokka attacks as you move away! The quokka bites you.
You barely miss the quokka. Your grab misses the quokka.
Your squeeze misses the quokka. The quokka bites you.
You hit the quokka but do no damage. You grab the quokka.
You constrict the quokka. The quokka bites you.
* * * LOW HITPOINT WARNING * * *
Casting: Sting (safe; 6% risk of failure)
Confirm with . or Enter, or press ? or * to list all spells.
Aiming: Sting (safe; 6% risk of failure)
Press: ? - help, Shift-Dir - straight line, f - quokka
Aim: a quokka (lightly wounded, constricted by you, 94% to hit)
The sting hits the quokka.
The quokka is poisoned.
The quokka is moderately wounded.
You constrict the quokka, but do no damage.
The quokka barely misses you.
You barely miss the quokka.
The quokka is moderately wounded.
You constrict the quokka, but do no damage.
The quokka bites you.
* * * LOW HITPOINT WARNING * * *
The quokka closely misses you.
You release your grip on the quokka.
The quokka attacks as you move away! The quokka misses you.
The quokka attacks as you move away! The quokka bites you.
You die...

.. #.#.# # ... ..... .
#.# #.#.# # #.#.# #.#.#
#.#.# .# ##...##.#.#.#
#.#.##.. .
....##.#.#.###.....
.##...##.#.....#.#.## .
..............@rK..#
#.##...##.#.#.###.#.##
.......##.#.#.# #.#.#
#.<.##.#.#.# #.#..
#.####.##.#.#.###.....
#....................>.
#.####.##...#.###....##.
#.##............# .#
#.##...#.###


You could see a quokka (poisoned) and a kobold.

Vanquished Creatures
  2 bats (D:1)
  An endoplasm (D:1)
  4 giant cockroaches (D:1)
  4 goblins (D:1)
  2 ball pythons (D:1)
  2 frilled lizards (D:1)
  3 rats (D:1)
18 creatures vanquished.

Notes
Turn   | Place    | Note
-------+----------+-------------------------------------------
     0 | D:1      | Pimp the Octopode Venom Mage began the quest for the Orb.
     0 | D:1      | Reached XP level 1. HP: 11/11 MP: 3/3
   171 | D:1      | Reached XP level 2. HP: 17/17 MP: 5/5
   581 | D:2      | Slain by a quokka

Illustrated notes

Levels and vault maps discovered:
D:1:      minmay_arrival_open_corners, layout_basic
D:2:      minmay_wonky_spiral, layout_basic, kennysheep_generic_room_4,
          uniq_jessica

Skill      XL: |  1  2 |
---------------+-------+-----
Stealth        | 3 |  3.1
Dodging        | |  2.2
Spellcasting   | |  2.2
Transmutations | |  1.3
Poison Magic   | |  3.9

Action                     || total
---------------------------++-------
  Melee: Dagger            ||    26
         Unarmed           ||     3
         Tentacles         ||     5
         Constrict         ||     6
   Cast: Sting             ||    14
 Armour: Skin              ||    10
  Dodge: Dodged            ||    44

Table legend: (Time is in decaauts)
 A = Elapsed time spent in this place.
 B = Non-inter-level travel time spent in this place.
 C = Inter-level travel time spent in this place.
 D = Time resting spent in this place.
 E = Time spent auto-exploring this place.
 F = Levels seen in this place.
 G = Mean time per level.
                   A        B        C        D        E       F      G
               +--------+--------+--------+--------+--------+-----+--------+
         Total |    580 |    542 |     38 |     71 |    295 |   2 |  290.0 |
       Dungeon |    580 |    542 |     38 |     71 |    295 |   2 |  290.0 |
               +--------+--------+--------+--------+--------+-----+--------+

Top non-repeatable levels by time:
     D:1: 553 daAuts
     D:2: 26 daAuts
